AoeStats
← Simon Stokvis

Arena

509131951Analyzed
4v4 RM · 6d ago on Sep 25, 2026· 45m 19s· 8 players
Game mode
Random Map
Map size
Large (8 player)
Population
200
Speed
Normal
Resources
Standard
Victory
Conquest
Starting age
Dark Age
Ending age
Imperial Age
RankedLock teamsTeams togetherTeam positionsShared explorationLock speedFull tech treeHidden civsTurbo modeCheats
Victory
Defeat
🇮🇹 Vietnamese · Italy
1718
+9
🇳🇱 Slavs · Netherlands
1604
+13
🇮🇹 Magyars · Italy
1477
+18
🇮🇹 Dravidians · Italy
1447
+20
🇳🇱 Malians · Netherlands
1618
-18
🇧🇪 Ethiopians · Belgium
1529
-15
🇨🇳 Turks · China
1516
-14
🇮🇳 Poles · India
1499
-13
Malice
10:31 Feudal Age
14:02 Castle Age
12:12 Double-Bit Axe
15:55 Loom
19:35 Horse Collar
21:17 Scale Mail Armor
22:15 Squires
22:31 Chain Mail Armor
23:14 Wheelbarrow
23:00 Forging
26:05 Hand Cart
25:39 Town Watch
26:27 Bow Saw
26:18 Heavy Plow
27:50 Iron Casting
31:10 Imperial Age
29:22 Gold Mining
30:38 Fletching
31:22 Ballistics
33:06 Chemistry
31:36 Halberdier
32:48 Plate Mail Armor
32:11 Heavy Scorpion
33:14 Siege Engineers
35:15 Blast Furnace
35:55 Two-Man Saw
35:29 Bodkin Arrow
37:00 Heavy Scorpion
37:42 Bracer
39:40 Conscription
41:06 Torsion Engines
Simon Stokvis
9:41 Feudal Age
14:16 Castle Age
17:42 Double-Bit Axe
19:03 Loom
19:45 Town Watch
40:32 Imperial Age
38:44 Horse Collar
39:16 Scale Barding Armor
39:22 Forging
39:55 Bloodlines
39:54 Husbandry
40:50 Chain Barding Armor
41:20 Farimba
41:13 Heavy Camel Rider
42:55 Iron Casting
43:39 Plate Barding Armor
ty
10:40 Feudal Age
14:16 Castle Age
12:49 Horse Collar
12:58 Double-Bit Axe
13:19 Horse Collar
13:28 Loom
21:35 Wheelbarrow
21:52 Bow Saw
28:45 Gold Mining
29:44 Atonement
30:30 Fervor
32:21 Redemption
34:18 Sanctity
Theoden_King
10:37 Feudal Age
14:35 Castle Age
12:39 Double-Bit Axe
12:42 Horse Collar
21:34 Wheelbarrow
22:42 Scale Barding Armor
22:48 Forging
24:43 Chain Barding Armor
26:22 Iron Casting
26:37 Bloodlines
26:28 Husbandry
29:29 Hand Cart
30:34 Loom
33:54 Imperial Age
32:34 Bow Saw
32:26 Light Cavalry
33:29 Town Watch
34:06 Scale Mail Armor
33:57 Fletching
34:07 Padded Archer Armor
34:13 Pikeman
34:54 Squires
35:57 Blast Furnace
35:12 Chain Mail Armor
35:11 Szlachta Privileges
35:27 Conscription
39:01 Plate Mail Armor
38:27 Bodkin Arrow
38:35 Padded Archer Armor
39:28 Cavalier
39:32 Winged Hussar
41:23 Lechitic Legacy
Buon natale ziopapà
11:19 Feudal Age
12:27 Double-Bit Axe
13:02 Horse Collar
15:41 Castle Age
15:41 Bloodlines
16:42 Scale Barding Armor
22:13 Chain Barding Armor
24:05 Wheelbarrow
23:15 Loom
26:11 Bow Saw
25:57 Town Watch
28:55 Gold Mining
28:55 Stone Mining
29:13 Heavy Plow
31:28 Hand Cart
31:51 Gold Shaft Mining
31:07 Stone Mining
31:16 Fletching
33:53 Gold Shaft Mining
35:50 Imperial Age
33:37 Husbandry
35:57 Cavalier
37:15 Plate Barding Armor
39:09 Paladin
42:30 Scale Mail Armor
42:05 Pikeman
44:26 Chain Mail Armor
44:10 Halberdier
44:28 Light Cavalry
OS | pilot
11:04 Feudal Age
12:27 Double-Bit Axe
14:56 Castle Age
14:33 Horse Collar
15:53 Bow Saw
15:49 Heavy Plow
26:31 Wheelbarrow
28:42 Hand Cart
28:12 Loom
29:03 Gold Mining
31:48 Imperial Age
29:31 Husbandry
29:38 Scale Barding Armor
30:06 Fortified Wall
30:27 Forging
30:04 Town Watch
31:03 Bloodlines
31:17 Chain Barding Armor
31:05 Stone Mining
31:54 Iron Casting
31:39 Chatras
33:09 Paper Money
34:57 Devotion
34:31 Elite Battle Elephant
35:46 Fletching
36:59 Chemistry
36:28 Bodkin Arrow
38:19 Two-Man Saw
37:26 Siege Engineers
37:02 Treadmill Crane
38:46 Crop Rotation
38:39 Bracer
38:53 Elite Rattan Archer
40:31 Stone Shaft Mining
40:30 Thumb Ring
41:27 Caravan
42:56 Padded Archer Armor
43:34 Plate Barding Armor
43:32 Ballistics
43:23 Masonry
43:34 Bombard Tower
43:12 Murder Holes
44:29 Coinage
45:32 Leather Archer Armor
45:46 Sanctity
45:48 Faith
46:14 Banking
CAAAAAAT
11:03 Feudal Age
14:37 Castle Age
13:28 Double-Bit Axe
13:24 Horse Collar
14:03 Gold Mining
15:50 Bow Saw
26:42 Wheelbarrow
26:49 Heavy Plow
26:39 Town Watch
27:42 Stone Mining
28:12 Fortified Wall
31:27 Imperial Age
28:43 Loom
29:08 Fletching
30:49 Hand Cart
30:50 Bodkin Arrow
31:39 Ballistics
31:45 Padded Archer Armor
33:23 Two-Man Saw
32:28 Bracer
33:31 Chemistry
33:34 Masonry
34:02 Bracer
34:56 Conscription
35:58 Murder Holes
36:11 Elite Elephant Archer
36:58 Thumb Ring
41:21 Medical Corps
41:25 Elite Skirmisher
Mandrake
3:08 Loom
10:46 Feudal Age
11:59 Double-Bit Axe
14:37 Castle Age
12:30 Gold Mining
14:20 Horse Collar
15:49 Bow Saw
17:44 Loom
31:25 Wheelbarrow
32:52 Fortified Wall
36:28 Imperial Age
34:30 Scale Mail Armor
37:01 Imperial Age
34:47 Hand Cart
34:58 Forging
34:20 Pikeman
35:01 Squires
35:44 Chain Mail Armor
37:45 Iron Casting
38:24 Plate Mail Armor
37:16 Man-at-Arms
37:32 Capped Ram
39:33 Two-Man Saw
38:34 Heavy Plow
38:04 Long Swordsman
39:22 Two-Handed Swordsman
39:33 Siege Ram
40:14 Champion
40:58 Halberdier
43:58 Conscription
43:59 Druzhina
Connection lost

Rejoining the realm…

Still unreachable

The connection could not be restored.

Session expired

The server has moved on; the page needs a fresh start.